 Dungeon Crawl Stone Soup version 0.31-a0-220-gc2f4f3cf83 (webtiles) character file.

Game seed: 6542276783776162853

36 qw the Chopper (level 3, 0/23 HPs)
             Began as a Gargoyle Fighter on July 3, 2023.
             Slain by a gnoll
             ... wielding a +0 halberd
              (4 damage)
             ... on level 2 of the Dungeon.
             The game lasted 00:00:28 (752 turns).

qw the Chopper (Gargoyle Fighter)                    Turns: 752, Time: 00:00:28

Health: 0/23       AC: 10    Str: 21    XL:     3   Next: 37%
Magic:  0/3        EV:  9    Int:  8    God:
Gold:   19         SH:  4    Dex:  9    Spells: 2/2 levels left

rFire   . . .        Y - +1 war axe
rCold   . . .        c - +0 buckler
rNeg    + . .        b - +0 scale mail
rPois   inf          (no helmet)
rElec   +            (no cloak)
rCorr   .            (no gloves)
SInv    .            (no boots)
Will    +....        (no amulet) Stlth
                     f - ring of willpower
HPRegen 0.23/turn    (no ring)
MPRegen 0.08/turn

%: no passive effects
@: no status effects
A: sickness immunity, AC +3, negative energy resistance 1, electricity
resistance, torment resistance 1, petrification resistance
a: no special abilities


You were on level 2 of the Dungeon.
You visited 1 branch of the dungeon, and saw 2 of its levels.

You collected 19 gold pieces.


Innate Abilities, Weirdness & Mutations

You are immune to sickness and miasma.
Your stone body is resilient. (AC +3)
You are immune to poison.
You resist negative energy. (rN+)
You are resistant to electric shocks. (rElec)
You are resistant to unholy torment.
You are immune to petrification.


   Skills:
 - Level 3.2 Fighting
 + Level 3.3 Axes
 - Level 3.2 Armour
 - Level 3.2 Shields


You had 2 spell levels left.
You didn't know any spells.
Your spell library was empty.

Inventory:

Hand Weapons
 e - a +1 morningstar of flaming
 Y - a +1 war axe (weapon)
Armour
 b - a +0 scale mail (worn)
 c - a +0 buckler (worn)
Jewellery
 f - a ring of willpower (left hand)
 h - an amulet of magic regeneration
Scrolls
 g - 3 scrolls of identify {unknown}
Potions
 a - a potion of heal wounds {unknown}
 d - a potion of might

Dungeon Overview and Level Annotations

Branches:
Dungeon (2/15)

Altars:


Message History

A gnoll comes into view. It is wielding a +1 antimagic flail.
The gnoll shouts!
You hear a shout! x2
A gnoll comes into view. It is wielding a +0 spear.
Enter note:
Enter note: The gnoll shouts!
You hear a shout! x2
A goblin comes into view. It is wielding a +0 dagger.
Enter note:
Enter note: A goblin comes into view. It is wielding a +0 dagger.
The goblin shouts! x2; You hear a shout! x4
A gnoll comes into view. It is wielding a +0 halberd.
A goblin comes into view. It is wielding a +0 club.
You hear a shout!
Enter note:
Enter note: A goblin comes into view. It is wielding a +0 dagger.
The goblin shouts!
You hear a shout!
The gnoll hits you with a +1 antimagic flail.
The gnoll hits you from afar with a +0 spear!
You hear a shout!
Enter note:
Enter note: You closely miss the gnoll.
You barely miss the goblin. The gnoll hits you but does no damage.
The goblin barely misses you.
You hit the gnoll.
The gnoll is heavily wounded.
You closely miss the goblin.
A goblin comes into view. It is wielding a +0 club.
The goblin barely misses you. You block the gnoll's attack.
The gnoll barely misses you. The goblin hits you but does no damage.
The gnoll closely misses you.
The gnoll hits you with a +1 antimagic flail!
You feel your power leaking away.
You barely miss the gnoll.
The gnoll is heavily wounded.
You barely miss the goblin. You closely miss the goblin.
The goblin hits you with a +0 dagger.
The gnoll hits you from afar with a +0 halberd.
You die...

#..#.#.#########
#..#.#.#
#..#.#.#
#....>.#
##.#.###
##.##......#
........##.#
##.####.# .#
#....g@# #
#####gg# #gg#


ggg# ##..# #... #.## #. You could see 3 gnolls and 5 goblins.

Vanquished Creatures
  A worm (D:2)
  2 dart slugs (D:1)
  4 ball pythons
  An endoplasm (D:1)
  A giant cockroach (D:2)
  A goblin (D:2)
  5 hobgoblins
  A kobold (D:2)
  2 quokkas (D:1)
  2 bats (D:1)
  4 frilled lizards
  3 rats (D:1)
27 creatures vanquished.

Notes
Turn   | Place    | Note
-------+----------+-------------------------------------------
     0 | D:1      | qw the Gargoyle Fighter began the quest for the Orb.
     0 | D:1      | Reached XP level 1. HP: 14/14 MP: 1/1
     0 | D:1      | 0 ||| qw: Version: 0.3-a-40-ge99b1a8
     0 | D:1      | 0 ||| qw: Game counter: 487
     0 | D:1      | 0 ||| qw: Melee chars always use a shield: true
     0 | D:1      | 0 ||| qw: God list: Okawaru
     0 | D:1      | 0 ||| qw: Allow faded altars: false
     0 | D:1      | 0 ||| qw: Do Orc after clearing Dungeon:15 true
     0 | D:1      | 0 ||| qw: Do second Lair branch before Depths: true
     0 | D:1      | 0 ||| qw: Lair rune preference: random
     0 | D:1      | 0 ||| qw: Goals: Normal, Zot:1-4, Slime:5, God:TSO, Crypt,
                  | Tomb, Abyss, Pan, Hells, Win
     0 | D:1      | 0 ||| PLANNING D:1-11
    68 | D:1      | 68 ||| Stepping ~*~*~tactically~*~*~ (hiding).
    88 | D:1      | Reached XP level 2. HP: 19/19 MP: 2/2
   318 | D:1      | Reached skill level 3 in Axes
   325 | D:1      | 325 ||| Stepping ~*~*~tactically~*~*~ (stealth).
   556 | D:1      | 556 ||| UPGRADING to ring of willpower.
   557 | D:1      | 557 ||| READING scroll labelled SEBICA SAHIAK.
   569 | D:2      | Reached XP level 3. HP: 23/23 MP: 3/3
   663 | D:2      | 663 ||| DROPPING +0 whip.
   709 | D:2      | 709 ||| DROPPING +0 mace.
   751 | D:2      | HP: 4/23 [gnoll/+1 antimagic flail (10)]
   752 | D:2      | Slain by a gnoll

Levels and vault maps discovered:
D:1:      minmay_arrival_pointy, layout_rooms
D:2:      layout_loops_ring, dk_noncrumbling_3, uniq_robin

Skill      XL: |  1  2 |
---------------+-------+-----
Axes           | 2 3 |  3.3
Fighting       | |  3.2
Armour         | |  3.2
Shields        | |  3.2

Action                     || total
---------------------------++-------
  Melee: War axe           ||    66
    Use: Scroll            ||     1
 Armour: Scale mail        ||    23
  Dodge: Dodged            ||    29
  Block: Buckler           ||    13

Table legend:
 A = Non-vault XP
 B = Vault XP
 C = Vault XP percentage of total XP
 D = Non-vault monster count
 E = Vault monster count
 F = Vault count percentage of total count
                 A         B        C        D         E       F
            +---------+---------+-------+---------+---------+-------
      Total |      52 |       0 |   0.0 |      27 |       0 |   0.0
            +---------+---------+-------+---------+---------+-------
        D:1 |      33 |       0 |   0.0 |      18 |       0 |   0.0
        D:2 |      19 |       0 |   0.0 |       9 |       0 |   0.0
            +---------+---------+-------+---------+---------+-------
